[Event "*** Titled Tuesday Blitz"]
[Site "Chess.com"]
[Date "2020.05.19"]
[Round "9"]
[White "IMJonathanCarlstedt"]
[Black "aaronmaster123"]
[Result "1-0"]
[WhiteElo "2458"]
[BlackElo "2269"]
[TimeControl "180+1"]
[EndTime "13:47:11 PDT"]
[Termination "IMJonathanCarlstedt won on time"]

1. d4 Nf6 2. Bf4 Nh5 3. Bd2 Nf6 4. Nc3 Nc6 5. Nf3 d5 6. Bg5 Bg4 7. Ne5 Nxe5 8. dxe5 Ne4 9. Nxe4 dxe4 10. h3 Bf5 11. g4 Bg6 12. Bg2 h6 13. Be3 e6 14.
c3 h5 15. Qa4+ Qd7 16. Qxd7+ Kxd7 17. O-O-O+ Ke8 18. f4 Rd8 19. Rdf1 hxg4 20. hxg4 Rxh1 21. Bxh1 f5 22. gxf5 exf5 23. Bf2 Bh5 24. Bh4 Rd5 25. Rd1 c6 26. Rxd5 cxd5 27. Kd2 Bc5 28. e3 Kd7 29. Bg2 b5 30. Bh3 g6 31. Bf1 a6 32. a4 bxa4 33. Bxa6 a3 34. bxa3 Bxa3 35. Bb7 Ke6 36. Bc8+ Kf7 37. e6+ Ke8 38. Bd7+ Kf8 39. Bf6 Be7 40. Be5 Kg8 41. c4 g5 42. fxg5 dxc4 43. Bf6 Bxf6 44. gxf6 Bf7 45. e7 Kh7 46. Be6 Kg6 47. Bxc4 1-0

[Event "*** Titled Tuesday Blitz"]
[Site "Chess.com"]
[Date "2020.05.19"]
[Round "9"]
[White "chesslh19"]
[Black "ljuks68"]
[Result "0-1"]
[WhiteElo "2165"]
[BlackElo "2337"]
[TimeControl "180+1"]
[EndTime "13:47:11 PDT"]
[Termination "ljuks68 won by resignation"]

1. e4 e6 2. d4 d5 3. Nd2 Nf6 4. e5 Nfd7 5. Bd3 c5 6. c3 Nc6 7.
Ne2 cxd4 8. cxd4 f6 9. exf6 Qxf6 10. Nf3 h6 11. O-O Bd6 12. Nc3 O-O 13. Re1 Rd8 14. Be3 Nf8 15. Rc1 Bd7 16. a3 Be8 17. b4 a6 18. Na4 Bh5 19. Be2 a5 20. b5 Ne7 21. Nc5 b6 22. Nb7 Bxa3 23. Ra1 Bb4 24. Nxd8 Bxe1 25. Nc6 Nxc6 26. bxc6 Bb4 27. Ne5 Bxe2 28. Qxe2 Qd8 29. Qb5 Qc7 30. Bf4 Bd6 31. Bg3 Rc8 32. Rd1 Bxe5 33. Bxe5 Qxc6 34. Qb3 Qc2 35.
Qxc2 Rxc2 36. h4 Nd7 37. Rb1 Nxe5 38. dxe5 Rc6 39. f4 Kf7 40. Kf2 h5 41. Ke3 g6 42. g3 Ke7 43. Kd4 Rc4+ 44. Kd3 Rb4 45. Rc1 Kd7 46. Rg1 a4 47. Kc3 Rb3+ 48. Kc2 b5 49. g4 hxg4 50. Rxg4 Rf3 51. Rxg6 Rxf4 52.
Rg7+ Kc6 53. h5 Rh4 54. Rg6 Rxh5 55. Rxe6+ Kc5 56. Re8 Rh2+ 57. Kc1 a3 58. e6 a2 59. Ra8 Rh1+ 60. Kb2 a1=Q+ 61. Rxa1 Rxa1 62. Kxa1 Kd6 63. Kb2 Kxe6 64. Kc3 Ke5 65. Kd3 0-1

[Event "*** Titled Tuesday Blitz"]
[Site "Chess.com"]
[Date "2020.05.19"]
[Round "9"]
[White "1g41-0"]
[Black "rynos0411"]
[Result "1/2-1/2"]
[WhiteElo "2513"]
[BlackElo "2362"]
[TimeControl "180+1"]
[EndTime "13:47:12 PDT"]
[Termination "Game drawn by repetition"]

1. d4 Nf6 2. c4 e6 3. Nc3 d5 4. cxd5 Nxd5 5. e4 Nxc3 6. bxc3 c5 7. Rb1 Be7 8. Nf3 O-O 9. Bc4 Qc7 10. Bb3 cxd4 11. cxd4 Bb4+ 12. Bd2 Bxd2+ 13. Qxd2 b6 14. Rc1 Qe7 15. O-O Bb7 16. Qf4 Na6 17. d5 exd5 18. exd5 Rfd8 19. Rfe1 Qd6 20. Qxd6 Rxd6 21. Re7 Bxd5 22.
Rd1 Kf8 23. Re5 Bxb3 24. Rxd6 Bxa2 25. h4 Nc5 26. Nd4 Rc8 27. Nb5 f6 28. Re3 a6 29.
Nc3 Bf7 30. Rxb6 a5 31. Rb5 a4 32. Ra5 g6 33. Nxa4 Ne6 34. Ra7 Rc1+ 35. Kh2 Rc4 36. g3 h5 37. Nb6 Rc6 38. Nd7+ Kg7 39.
Rxe6 Rxe6 40. Nc5 Re5 41. Nd3 Rd5 42. Nf4 Re5 43. Kg2 Kg8 44. Kf3 g5 45. hxg5 fxg5 46. Nxh5 Bxh5+ 47. Kg2 Bf7 48. f4 gxf4 49. gxf4 Rb5 50.
Kg3 Kg7 51. Ra6 Rf5 52. Kg4 Rc5 53. f5 Rc1 54. Rb6 Rg1+ 55. Kf4 Rf1+ 56. Kg4 Rg1+ 57. Kf4 Rf1+ 58. Ke5 Re1+ 59. Kf4 Rf1+ 1/2-1/2

[Event "*** Titled Tuesday Blitz"]
[Site "Chess.com"]
[Date "2020.05.19"]
[Round "9"]
[White "diablanni"]
[Black "jonaszmb"]
[Result "0-1"]
[WhiteElo "2339"]
[BlackElo "2513"]
[TimeControl "180+1"]
[EndTime "13:47:13 PDT"]
[Termination "jonaszmb won by resignation"]

1. e4 c6 2. d4 d5 3. Nc3 dxe4 4. Nxe4 Bf5 5. Ng3 Bg6 6. h4 h6 7.
Nf3 Nd7 8. h5 Bh7 9. Bd3 Bxd3 10.
Qxd3 e6 11. Bd2 Ngf6 12. O-O-O a5 13. Ne4 Nxe4 14. Qxe4 Nf6 15. Qe2 a4 16. c4 b5 17.
cxb5 Qb6 18. bxc6 Qxc6+ 19. Kb1 a3 20. b3 Be7 21. g4 Nxg4 22. Rc1 Qd5 23. Rhg1 f5 24.
Rc7 Rb8 25. Bf4 Bf6 26. Rc5 Rxb3+ 27. axb3 Qxb3+ 28. Ka1 O-O 29. Rb1 Qa4 30. Rb8 Bxd4+ 31. Ka2 Bxc5 32. Qxe6+ Kh8 33. Rxf8+ Bxf8 34. Qxf5 Qc4+ 35.
Kb1 a2+ 36. Ka1 Nf6 37. Ne5 Qc3+ 38. Kxa2 Qa3+ 39. Kb1 Qb3+ 40. Ka1 Qd1+ 41. Ka2 Qd5+ 42. Kb1 Qe4+ 43. Qxe4 Nxe4 44. Ng6+ Kg8 45. f3 Nf6 46. Nxf8 Kxf8 47. Kc2 Nxh5 48. Bh2 Kf7 49. Kd3 Ke6 50. Ke4 Nf6+ 51. Ke3 Kf5 52. Bc7 Nd5+ 0-1

[Event "*** Titled Tuesday Blitz"]
[Site "Chess.com"]
[Date "2020.05.19"]
[Round "9"]
[White "lamomiablanca"]
[Black "chessablanca"]
[Result "0-1"]
[WhiteElo "2197"]
[BlackElo "2451"]
[TimeControl "180+1"]
[EndTime "13:47:13 PDT"]
[Termination "chessablanca won on time"]

1. e4 e5 2. Qh5 Nc6 3. Bc4 Qe7 4. Ne2 Nf6 5. Qf3 d6 6. h3 Be6 7. d3 g6 8. Bg5 Bg7 9. Nbc3 h6 10. Bxf6 Bxf6 11.
Nd5 Bxd5 12. Bxd5 Bg7 13. c3 O-O 14. h4 Nd8 15. h5 g5 16. Ng3 c6 17. Bb3 Qf6 18.
Nf5 Ne6 19. g3 Rad8 20. O-O-O Nc5 21. Bc2 d5 22. Qe3 d4 23. cxd4 exd4 24. Qe2 Rfe8 25.
Qd2 b6 26. f4 a5 27. Rdf1 a4 28. Rf2 b5 29. Rhf1 Rd7 30. Kb1 Ne6 31. Bd1 c5 32. Bg4 c4 33. e5 Qd8 34. Nxg7 Kxg7 35. f5 Nc5 36. f6+ Kg8 37. Bxd7 Qxd7 38. Rf5 c3 39. Rxg5+ Kh8 40. Rg8+ Kxg8 41. Qxh6 Qg4 42. a3 Rxe5 43. Ka2 Qg5 0-1

[Event "*** Titled Tuesday Blitz"]
[Site "Chess.com"]
[Date "2020.05.19"]
[Round "9"]
[White "WonderChampion"]
[Black "larisakalinina"]
[Result "1-0"]
[WhiteElo "1931"]
[BlackElo "2004"]
[TimeControl "180+1"]
[EndTime "13:47:13 PDT"]
[Termination "WonderChampion won on time"]

1. e4 c5 2. Nf3 Nc6 3. Bb5 g6 4. O-O Bg7 5. c3 e5 6. d3 Nge7 7.
Ba4 O-O 8. Bc2 d5 9. exd5 Qxd5 10. Re1 Bg4 11. Nbd2 Rad8 12. h3 Bc8 13. Ne4 f5 14.
Bb3 c4 15. Bxc4 Qxc4 16. dxc4 Rxd1 17. Rxd1 fxe4 18. Nd2 Rd8 19. b3 e3 20. fxe3 Nf5 21. Kf2 e4 22. Bb2 Ne5 23. Nxe4 Nd3+ 24. Ke2 Re8 25.
Kxd3 Bd7 26. Re1 Bc6 27. Nf2 Bxg2 28. Rad1 Bc6 29. e4 Nd6 30. Ke3 Nxe4 31. Nxe4 Rxe4+ 32. Kf2 Rxe1 33. Rxe1 Kf7 34. Ke3 Bh6+ 35. Kd4 b6 36. Rf1+ Ke6 37. b4 Bg7+ 38. Kd3 a5 39. b5 Bb7 40.
Re1+ Kd6 41. Bc1 Bg2 42. Bf4+ Kd7 43. Be3 Bxh3 44. Bxb6 Bf5+ 45. Kd2 Bh6+ 46. Ke2 Bf4 47. Bxa5 g5 48. b6 g4 49. b7 g3 50. c5 g2 51. Kf2 1-0

[Event "*** Titled Tuesday Blitz"]
[Site "Chess.com"]
[Date "2020.05.19"]
[Round "9"]
[White "velemajstor767276"]
[Black "2346PL"]
[Result "1-0"]
[WhiteElo "2645"]
[BlackElo "2449"]
[TimeControl "180+1"]
[EndTime "13:47:14 PDT"]
[Termination "velemajstor767276 won by resignation"]

1. d4 f5 2. e4 fxe4 3. Nc3 Nf6 4. g4 d5 5. g5 Bg4 6. Be2 Bxe2 7. Qxe2 Ng8 8. f3 Nc6 9. Be3 exf3 10. Nxf3 Qd7 11. O-O-O O-O-O 12. Rhe1 e6 13. Bf4 Bb4 14. Qxe6 Bxc3 15. bxc3 Qxe6 16. Rxe6 Nge7 17. Ne5 Rhf8 18. Bg3 g6 19. Re1 Rf5 20. Nd3 Rf7 21. Ne5 Rf5 22. h4 Rff8 23. Ng4 Nf5 24. Be5 Nxh4 25. Rh1 Nf3 26.
Rxh7 Nxg5 27. Rxc7+ Kb8 28. Rcxc6+ Ka8 29. Rxg6 bxc6 30.
Rxg5 Rd7 31. Rg6 Kb7 32. Nf6 Rdf7 33. Ng4 Rd7 34. Ne3 Rf2 35. Kb2 Rh7 36. Ng4 Rg2 37. Rg8 a5 38. Nf6 Rxg8 39. Nxg8 Rh3 40. Nf6 a4 41. a3 Kc8 42. Ng4 Rh4 43. Nf2 Kb7 44.
Nd3 Kb6 45. Nc5 Kb5 46. Nd3 Rh2 47. Bxh2 1-0

[Event "*** Titled Tuesday Blitz"]
[Site "Chess.com"]
[Date "2020.05.19"]
[Round "9"]
[White "enriquetejedor"]
[Black "Mimsychess"]
[Result "1-0"]
[WhiteElo "2470"]
[BlackElo "2281"]
[TimeControl "180+1"]
[EndTime "13:47:14 PDT"]
[Termination "enriquetejedor won on time"]

1. e4 c5 2. Nf3 e6 3. d4 cxd4 4. Nxd4 Nf6 5. Nc3 Nc6 6. Ndb5 Bc5 7. Bf4 O-O 8. Bc7 Qe7 9. Bd6 Bxd6 10.
Qxd6 Ne8 11. Qxe7 Nxe7 12. O-O-O f6 13. f4 a6 14. Nd6 Nxd6 15. Rxd6 Kf7 16. a4 Nc6 17. Bc4 Ke7 18. Rhd1 Rd8 19. f5 b5 20.
axb5 axb5 21. Bxb5 Ra1+ 22. Nb1 Nb4 23. R6d4 Na2+ 24.
Kd2 e5 25. Ra4 d5 26. Ra7+ Kf8 27. Ke1 Nb4 28. Rxa1 Nxc2+ 29. Ke2 Nxa1 30. exd5 Bxf5 31. Nc3 Nb3 32. Ke3 Nd4 33. Rxd4 exd4+ 34. Kxd4 Ke7 35. Bc6 Bd7 36. Kc5 Rb8 37. b4 Kd8 38. b5 Rc8 39.
Kd6 Bxc6 40. dxc6 Ra8 41. Nd5 g6 42. b6 1-0

[Event "*** Titled Tuesday Blitz"]
[Site "Chess.com"]
[Date "2020.05.19"]
[Round "9"]
[White "Bad4life"]
[Black "MergenKakabaev"]
[Result "0-1"]
[WhiteElo "2284"]
[BlackElo "2434"]
[TimeControl "180+1"]
[EndTime "13:47:14 PDT"]
[Termination "MergenKakabaev won on time"]

1. e4 e5 2. Nf3 Nc6 3. Bc4 Nf6 4. d3 Bc5 5. a4 d6 6. O-O Bg4 7. c3 a5 8. h3 Bh5 9. Qb3 Rb8 10. Nh4 Qe7 11. Nf5 Qf8 12. Bg5 Nd7 13.
Na3 f6 14. Nb5 Kd8 15. Bh4 g5 16. Bg3 Bg6 17. d4 Bxf5 18. dxc5 Nxc5 19. Qa3 Bxe4 20. Rad1 b6 21. Rfe1 Bc2 22. Rd2 Bxa4 23. b4 Bxb5 24.
Bxb5 Na7 25. bxc5 Nxb5 26. Qb3 bxc5 27. c4 Qf7 28. Qb1 Qxc4 29. Rc2 Qe6 30. Rb2 c6 31. Rd1 Kc7 32. Qa1 Ra8 33. Rc1 a4 34. Rbc2 a3 35.
f3 Rhb8 36. Kh2 Nd4 37. Rc4 Nb3 38. Qc3 Nxc1 39. h4 h6 40. Rxc5 dxc5 41. hxg5 hxg5 42.
Qxc5 a2 0-1

[Event "*** Titled Tuesday Blitz"]
[Site "Chess.com"]
[Date "2020.05.19"]
[Round "9"]
[White "MasterKroket"]
[Black "Hippotaner"]
[Result "1-0"]
[WhiteElo "2410"]
[BlackElo "2311"]
[TimeControl "180+1"]
[EndTime "13:47:15 PDT"]
[Termination "MasterKroket won by resignation"]

1. d4 Nf6 2. c4 e6 3. Nf3 c5 4. d5 exd5 5. cxd5 d6 6. Nc3 g6 7. e4 Bg7 8. h3 O-O 9. Bd3 a6 10. a4 Re8 11. O-O Nh5 12. Bg5 Bf6 13. Bh6 Bg7 14.
Qd2 Nd7 15. Rfe1 Ne5 16. Nxe5 Bxe5 17. Be2 Nf6 18. Be3 Bxc3 19. Qxc3 Nxe4 20. Qc2 Bf5 21. Bd3 c4 22. Qxc4 Rc8 23. Qd4 Qf6 24. Qxf6 Nxf6 25.
Bxf5 gxf5 26. Bh6 Nxd5 27. Rxe8+ Rxe8 28. Rd1 Nc7 29. Rxd6 Re6 30. Rd8+ Ne8 31. Be3 Kg7 32. Bc5 Kg6 33. Rb8 Rc6 34. b4 Nf6 35. Rxb7 a5 36.
Rb5 axb4 37. Bxb4 Ne4 38. Kf1 Rc1+ 39. Ke2 Rb1 40. Ke3 Rb3+ 41. Kf4 Nxf2 42. Bd6 Nd3+ 43. Ke3 Nb4+ 44. Kd2 Rd3+ 45. Ke2 Rxd6 46. Rxb4 Kg5 47. a5 Ra6 48. Ra4 h5 49. h4+ Kf6 50. Kd3 Ke5 51. g3 f6 52. Ke3 f4+ 53. gxf4+ Kf5 54. Kf3 Ke6 55. Ke4 f5+ 56. Kd4 Kd6 57. Ra1 Ke6 58. Kc5 Kf6 59. Kb5 Ra8 60. a6 Ke6 61. a7 Kd5 62. Kb6 Ke4 63. Ra4+ Kf3 64. Kb7 Rh8 65.
Rc4 Kg4 66. a8=Q Rxa8 67. Kxa8 Kxh4 68. Kb7 Kg3 69. Kc6 h4 70. Kd5 h3 71. Ke5 h2 72.
Rc1 Kg2 73. Kxf5 h1=Q 74. Rxh1 Kxh1 75. Kg4 1-0

[Event "*** Titled Tuesday Blitz"]
[Site "Chess.com"]
[Date "2020.05.19"]
[Round "9"]
[White "chessuriel"]
[Black "Parkas"]
[Result "0-1"]
[WhiteElo "2162"]
[BlackElo "2286"]
[TimeControl "180+1"]
[EndTime "13:47:15 PDT"]
[Termination "Parkas won by resignation"]

1. e4 c5 2. Nf3 Nf6 3. d4 Nxe4 4. d5 e6 5. c4 Qa5+ 6. Nbd2 exd5 7. cxd5 d6 8. Bd3 Nf6 9. O-O Nxd5 10. Nc4 Qc7 11. Re1+ Be7 12. Bg5 f6 13. Bc1 Nc6 14. Nh4 Bd7 15.
Qh5+ Kd8 16. Qxd5 Ne5 17. Nxe5 fxe5 18. Nf5 Bxf5 19. Bxf5 g6 20. Bh3 Qc6 21. Qxc6 bxc6 22. Bd2 Rf8 23. Bc3 Kc7 24. Rad1 a5 25. Bxe5 dxe5 26.
Rd7+ Kb6 27. Rxe7 Rad8 28. R7xe5 Rd2 29. R5e2 Rfd8 30. Rxd2 Rxd2 31. Rb1 c4 32. Kf1 Kc5 33. Ke1 Rc2 34. g3 a4 35. Bg2 c3 36. bxc3 Rxa2 37.
Bf1 a3 38. Bd3 Kd5 39. h4 c5 40. Rd1 Kc6 41. Bc4 Rc2 42. Ra1 Rxc3 43. Bg8 h6 44. Bf7 g5 45. hxg5 hxg5 46. Kf1 Kb5 47. Kg2 c4 48. f4 gxf4 49. gxf4 Kb4 50. f5 Rd3 51. Be6 Rd6 52. Bc8 c3 53. Kf3 c2 54. Be6 Rd1 55. f6 Rxa1 0-1

[Event "*** Titled Tuesday Blitz"]
[Site "Chess.com"]
[Date "2020.05.19"]
[Round "9"]
[White "agrigo3"]
[Black "yuki_chess123"]
[Result "1-0"]
[WhiteElo "2267"]
[BlackElo "2143"]
[TimeControl "180+1"]
[EndTime "13:47:15 PDT"]
[Termination "agrigo3 won on time"]

1. Nf3 g6 2. g3 Bg7 3. Bg2 d5 4. O-O c6 5. d3 Nf6 6. Nbd2 O-O 7. e4 Bg4 8. h3 Bxf3 9. Bxf3 Nbd7 10. Bg2 e5 11. Qe2 Re8 12. b3 a5 13. Bb2 a4 14. Rab1 axb3 15. axb3 Ra2 16. Rfc1 Qb6 17. Nf1 d4 18. f4 Bh6 19. Qf2 c5 20. Re1 exf4 21. gxf4 Nh5 22. Bc1 Qc7 23. e5 Nb6 24.
Nh2 f5 25. exf6 Rxe1+ 26. Qxe1 Nxf6 27. Qe5 Qxe5 28. fxe5 Bxc1 29. Rxc1 Nfd5 30. Ng4 Kf7 31. Nf6 Ke6 32. Nxh7 Nb4 33. Nf8+ Kxe5 34. Nxg6+ Kd6 35.
Be4 Nxc2 36. Rf1 Ne3 37. Rf2 Ra1+ 38. Kh2 Nd7 39. Bxb7 Rb1 40. Be4 Rxb3 41. Kg3 c4 42. h4 c3 43. h5 c2 44. Rxc2 Nxc2 45. h6 Nf6 46. Kf4 Ne3 47. Kg5 Nh7+ 48. Kf4 1-0

[Event "*** Titled Tuesday Blitz"]
[Site "Chess.com"]
[Date "2020.05.19"]
[Round "9"]
[White "IAgrest"]
[Black "mortngabriel"]
[Result "0-1"]
[WhiteElo "2266"]
[BlackElo "2455"]
[TimeControl "180+1"]
[EndTime "13:47:16 PDT"]
[Termination "mortngabriel won on time"]

1. e4 c5 2. Nf3 Nc6 3. d4 cxd4 4. Nxd4 g6 5. Nc3 Bg7 6. Be3 Nf6 7. Bc4 O-O 8. Bb3 d6 9. h3 Bd7 10. O-O Rc8 11. f4 a6 12. Nxc6 Bxc6 13. Qd3 b5 14. a3 a5 15. Rae1 b4 16. axb4 axb4 17. Nd5 Bxd5 18. exd5 Nd7 19. Bd4 Nc5 20. Bxc5 Rxc5 21. Qe4 Qb6 22. Kh1 Rc7 23. Rb1 Ra8 24. Bc4 Qc5 25. b3 Ra2 26. Rbe1 Bf6 27. Re2 Rca7 28. Ree1 Kg7 29. Rd1 Rb2 30. Rde1 Raa2 31. Re2 Ra3 32. Rfe1 Rba2 33. Qf3 Ra1 34. Kh2 Rxe1 35. Rxe1 h5 36. Qe2 h4 37. Qf3 Ra2 38. Bd3 Qc3 39. Rf1 Qd4 40.
Kh1 Qc5 41. f5 g5 42. Be4 Qd4 43. Bd3 Ra1 44. Rxa1 Qxa1+ 45. Qf1 Qe5 46. Qf3 Qd4 47. Qf1 Be5 48. Qf3 Kf6 49. Be4 Qa1+ 0-1

[Event "*** Titled Tuesday Blitz"]
[Site "Chess.com"]
[Date "2020.05.19"]
[Round "9"]
[White "Azoulas1"]
[Black "top_bu_tz"]
[Result "0-1"]
[WhiteElo "1962"]
[BlackElo "2221"]
[TimeControl "180+1"]
[EndTime "13:47:16 PDT"]
[Termination "top_bu_tz won on time"]

1. e4 e5 2. Nf3 Nc6 3. Bb5 Nf6 4. O-O Nxe4 5. d4 Nd6 6. Bxc6 dxc6 7. Nxe5 Be7 8. Re1 O-O 9. Nc3 Nf5 10. Be3 Bf6 11. Nf3 Nxe3 12. Rxe3 Bf5 13. h3 Qd7 14. Ne4 Bxe4 15.
Rxe4 Rfe8 16. Rxe8+ Rxe8 17. Qd2 Re4 18. Re1 Qe6 19. c3 g6 20. Rxe4 Qxe4 21. Qd1 Qe6 22.
Qa4 a6 23. c4 Qe2 24. b3 Be7 25. d5 Bd6 26. b4 Qxc4 27. g3 Qxd5 28. Kg2 Qc4 29. a3 Qb5 30. Qb3 Qd5 31. Qe3 Qe6 32. Qc3 Be7 33. h4 Bf6 34. Qd3 Qd5 35. Qe3 Kg7 36. Kh2 b6 37. Kg2 c5 38. bxc5 bxc5 39.
Qe8 c4 40. Qc8 Qc6 41. Qg4 c3 42. h5 c2 43. h6+ Kxh6 44. Qf4+ Kg7 0-1

[Event "*** Titled Tuesday Blitz"]
[Site "Chess.com"]
[Date "2020.05.19"]
[Round "9"]
[White "mrkvoz"]
[Black "OparinGrigoriy"]
[Result "1-0"]
[WhiteElo "2834"]
[BlackElo "2900"]
[TimeControl "180+1"]
[EndTime "13:47:17 PDT"]
[Termination "mrkvoz won by resignation"]

1. e4 e5 2. Nf3 Nc6 3. d4 exd4 4. Nxd4 Bc5 5. Nxc6 Qf6 6. Qf3 bxc6 7. Nd2 d6 8. Nb3 Bb6 9. a4 a5 10. Bd2 Qxf3 11.
gxf3 Ne7 12. Rg1 g6 13. Be3 f5 14. Bxb6 cxb6 15. O-O-O fxe4 16. fxe4 Kd7 17. Bh3+ Kc7 18. Bxc8 Raxc8 19. Nd4 Rce8 20. Ne6+ Kd7 21. Ng5 Rhf8 22. e5 d5 23. Nxh7 Rxf2 24. Nf6+ Kd8 25. Nxe8 Kxe8 26. h4 Kd7 27. Rdf1 Re2 28. Re1 Rf2 29. Rgf1 Rg2 30. e6+ Ke8 31. Rf7 Rg4 32. Rh7 Nf5 33. h5 gxh5 34.
Rxh5 Ng3 35. Rh8+ Ke7 36. Rh7+ Ke8 37. Rb7 Rxa4 38. Kb1 b5 39. Rg1 Rg4 40. Rc7 Rg5 41.
Rxc6 Ke7 42. Rc5 b4 43. Rxa5 Kxe6 44. Rb5 Rg4 45. b3 Kd6 46. Rb8 Kc5 47. Rc8+ Kb5 48.
Rf8 Rg5 49. Rf3 Ne4 50. Rxg5 Nxg5 51. Rf5 Ne4 52. Rxd5+ Kc6 53. Rd3 Nc3+ 54. Rxc3+ bxc3 55. Ka2 Kc5 56. Ka3 Kb5 57. b4 Kc4 58. Ka4 Kd5 59.
b5 Kc5 60. Ka5 Kd4 61. Kb4 Ke3 62. Kxc3 1-0

[Event "*** Titled Tuesday Blitz"]
[Site "Chess.com"]
[Date "2020.05.19"]
[Round "9"]
[White "2008king"]
[Black "Kislov_Oleg"]
[Result "1/2-1/2"]
[WhiteElo "2096"]
[BlackElo "2363"]
[TimeControl "180+1"]
[EndTime "13:47:17 PDT"]
[Termination "Game drawn - insufficient material"]

1. e4 e6 2. d4 d5 3. Nc3 Nf6 4.
e5 Nfd7 5. f4 c5 6. Nf3 Nc6 7.
Be3 cxd4 8. Nxd4 Bc5 9. Qd2 Nxd4 10. Bxd4 Bxd4 11. Qxd4 Qb6 12. Qxb6 Nxb6 13. Nb5 Ke7 14. Bd3 Bd7 15. Nd4 Rac8 16. c3 Na4 17. Rb1 f6 18. O-O h6 19. Kh1 Rhf8 20. exf6+ gxf6 21. Rfe1 Kd6 22. Bb5 Nc5 23. Bxd7 Kxd7 24. Rbd1 a6 25. g3 Kd6 26. Kg2 b5 27. Kf3 Ne4 28. Nxb5+ axb5 29. Rxe4 Rc4 30. Rxc4 bxc4 31. b3 cxb3 32. axb3 Rb8 33. b4 Rc8 34. Rd3 e5 35. fxe5+ fxe5 36. Re3 Rf8+ 37.
Ke2 Ra8 38. Kf3 Ra2 39. h4 d4 40. cxd4 exd4 41. Re8 Kd5 42. Rd8+ Kc4 43. b5 Rb2 44. Rd6 h5 45. g4 Rxb5 46. gxh5 Rxh5 47. Kg4 Rh8 48. h5 d3 49. h6 Kc3 50. Kg5 d2 51. Kg6 Kc2 52. Kg7 Re8 53. h7 d1=Q 54. Rxd1 Kxd1 55.
h8=Q Rxh8 56. Kxh8 1/2-1/2

[Event "*** Titled Tuesday Blitz"]
[Site "Chess.com"]
[Date "2020.05.19"]
[Round "9"]
[White "AnthonyWirig"]
[Black "Moon_stone123"]
[Result "1-0"]
[WhiteElo "2671"]
[BlackElo "2516"]
[TimeControl "180+1"]
[EndTime "13:47:18 PDT"]
[Termination "AnthonyWirig won by checkmate"]

1. d4 Nf6 2. Bg5 c5 3. Bxf6 gxf6 4. d5 Bg7 5. g3 f5 6. c3 d6 7. Bg2 Nd7 8. Nd2 Nf6 9. Nh3 O-O 10. a4 b6 11. Nf4 a6 12. O-O Qd7 13. Nc4 Qc7 14. Qd3 Rb8 15. Rfd1 Rd8 16. e4 fxe4 17. Bxe4 Nxe4 18.
Qxe4 e6 19. Nh5 f5 20. Qf3 e5 21. Nxg7 Qxg7 22. b4 f4 23. Rd2 Bg4 24. Qe4 Qf6 25. a5 bxa5 26. Nxa5 Rf8 27. Nc6 Ra8 28. bxc5 fxg3 29.
fxg3 Bh3 30. Qe2 dxc5 31. d6 Kh8 32. d7 Qxc6 33. Qxe5+ Qf6 34. Qxf6+ Rxf6 35. d8=Q+ Rxd8 36. Rxd8+ Kg7 37. Rd2 Kh6 38. Rf2 Rd6 39. Rf4 Kg7 40. Rh4 Be6 41. Re4 Bf5 42. Re5 Rf6 43. Rf1 Bd3 44.
Rxf6 Kxf6 45. Rxc5 Bb5 46. c4 Ba4 47. Kf2 Bb3 48.
Ke3 Ke6 49. Kd4 Kd6 50. Ra5 Kc6 51. Rxa6+ Kb7 52. Rh6 Ka7 53. Rxh7+ Kb6 54. Rh6+ Ka5 55. Kc3 Ba2 56. g4 Bb1 57. g5 Ka4 58. h4 Ka3 59.
Ra6# 1-0

[Event "*** Titled Tuesday Blitz"]
[Site "Chess.com"]
[Date "2020.05.19"]
[Round "9"]
[White "IIIlllII1llIl"]
[Black "karinachess1"]
[Result "1-0"]
[WhiteElo "2634"]
[BlackElo "2503"]
[TimeControl "180+1"]
[EndTime "13:47:19 PDT"]
[Termination "IIIlllII1llIl won by resignation"]

1. e4 c5 2. c3 d5 3. exd5 Qxd5 4. d4 Nc6 5. Nf3 Bf5 6. Be2 e6 7. O-O Nf6 8. Be3 cxd4 9. cxd4 Bxb1 10. Rxb1 Be7 11. b4 O-O 12. b5 Na5 13. Ne5 Rac8 14. Bf3 Qd6 15. Bd2 Qxd4 16. Bxa5 Qxe5 17. Bxb7 Rc4 18.
Re1 Qg5 19. Qb3 Rh4 20. g3 Rd4 21. Rbd1 Bc5 22. Kg2 Qf5 23. Qf3 Qc2 24. Rxd4 Bxd4 25. Re2 Qc5 26. Bc6 a6 27. a4 h5 28. Qb3 Ng4 29. Bb4 Qf5 30. Qf3 Qxf3+ 31. Bxf3 Rb8 32. Bd6 Rb6 33. Bc7 axb5 34. Bxb6 Bxb6 35. Bxg4 hxg4 36.
axb5 Kf8 37. Rc2 Ke7 38. Rc6 Bd4 39. b6 Kd7 40. b7 Be5 41. Rc8 f5 42. b8=Q Bxb8 43.
Rxb8 Ke7 44. Rb6 Kf6 45. f4 gxf3+ 46. Kxf3 g5 47. h4 g4+ 48. Kf4 Kg6 49. Rxe6+ Kh5 50. Re5 1-0

[Event "*** Titled Tuesday Blitz"]
[Site "Chess.com"]
[Date "2020.05.19"]
[Round "9"]
[White "AEMEffi"]
[Black "umngqusho"]
[Result "1-0"]
[WhiteElo "2307"]
[BlackElo "2468"]
[TimeControl "180+1"]
[EndTime "13:47:19 PDT"]
[Termination "AEMEffi won by resignation"]

1. d4 Nf6 2. c4 g6 3. Nc3 Bg7 4. e4 d6 5. h3 O-O 6. Nf3 e5 7. d5 Nbd7 8. Be3 Nc5 9. Nd2 a5 10. Qc2 Bd7 11. Be2 a4 12. g4 c6 13. g5 Nh5 14. Bxh5 gxh5 15. h4 f5 16. f3 fxe4 17.
Ncxe4 cxd5 18. cxd5 Bf5 19. Bxc5 dxc5 20. Qxc5 Rc8 21.
Qb5 Bxe4 22. fxe4 a3 23. bxa3 Rc3 24. Rf1 Rxf1+ 25. Nxf1 Qf8 26. Rd1 Qf3 27. Qe8+ Bf8 28. Qe6+ Qf7 29. Qxf7+ Kxf7 30. Rb1 Rc7 31. a4 Bc5 32.
Nd2 b6 33. Nf3 Re7 34. Ke2 Ke8 35. Rb5 Ra7 36. a5 Rxa5 37. Rxa5 bxa5 38. Nxe5 Ke7 39. Nc6+ Kd6 40. Nxa5 Ke5 41. Kf3 Kd4 42. Nc6+ Kc4 43. a4 Bd6 44. a5 Kb5 45. e5 Bc5 46. Ke4 Ka6 47. e6 Bd6 48. e7 Bxe7 49. Nxe7 Kxa5 50. d6 1-0

[Event "*** Titled Tuesday Blitz"]
[Site "Chess.com"]
[Date "2020.05.19"]
[Round "9"]
[White "mbachez"]
[Black "Roman_Ovetchkin"]
[Result "0-1"]
[WhiteElo "2497"]
[BlackElo "2640"]
[TimeControl "180+1"]
[EndTime "13:47:20 PDT"]
[Termination "Roman_Ovetchkin won on time"]

1. e4 c6 2. Nf3 d5 3. Nc3 dxe4 4. Nxe4 Nf6 5. Nxf6+ exf6 6. d4 Bd6 7. Be3 O-O 8. Qd2 Re8 9. O-O-O Nd7 10. Kb1 Nf8 11. Bd3 Be6 12. Rhe1 a5 13. Bf4 Bb4 14. c3 Be7 15.
Qc2 a4 16. Nd2 Qd5 17. Bc4 Qxg2 18. Rg1 Qh3 19. Bd3 Ng6 20. Rg3 Qh5 21. Be3 b5 22. f4 Qd5 23. c4 bxc4 24. Bxc4 Bf5 25. Bd3 Bxd3 26. Qxd3 Bd6 27. Rdg1 c5 28. Nc4 cxd4 29. Bc1 Bc7 30. R3g2 f5 31. Ka1 Re4 32. h4 h5 33.
Rg5 Rae8 34. Rxh5 Re1 35. Rhg5 Rxg1 36. Rxg1 Bxf4 37. h5 Bxc1 38. hxg6 Bh6 39. gxf7+ Kxf7 40. Rf1 g6 41. a3 Kg7 42. Rg1 Qe4 43. Qg3 f4 44.
Qg4 Qe6 45. Qg2 f3 46. Qc2 Be3 47. Rf1 f2 48. Qd3 Qe4 49. Qd1 Re6 0-1

[Event "*** Titled Tuesday Blitz"]
[Site "Chess.com"]
[Date "2020.05.19"]
[Round "9"]
[White "S_Kalvaitis"]
[Black "PauloCesarCosta_sad"]
[Result "1/2-1/2"]
[WhiteElo "2329"]
[BlackElo "2203"]
[TimeControl "180+1"]
[EndTime "13:47:21 PDT"]
[Termination "Game drawn by repetition"]

1. d4 d5 2. Nf3 Nf6 3. Bf4 e6 4. e3 Bd6 5. Bg3 c5 6. c3 Qc7 7. Ne5 Nbd7 8. f4 Ne4 9. Nd2 Nxg3 10. hxg3 cxd4 11. exd4 g6 12. Bd3 Nxe5 13. fxe5 Be7 14.
Nf3 Bd7 15. Qd2 f5 16. O-O-O O-O-O 17. Kb1 Kb8 18. Rc1 h5 19. Ng5 Rc8 20. c4 Qc6 21.
c5 Rhf8 22. Nf3 Rc7 23. Rc3 Rcc8 24. Rb3 Qc7 25. Rc1 Ba4 26. Rb4 Bc6 27. Rb3 Ba4 28. Ra3 Bc6 29. Rcc3 g5 30. Nxg5 Bxg5 31. Qxg5 Rg8 32.
Qf6 Bd7 33. Be2 Rcf8 34. Qh4 Rh8 35. Rab3 Ka8 36. Rb4 Bc6 37. Rcb3 Qg7 38. a4 Rfg8 39. a5 Qg5 40. Qh2 h4 41. gxh4 Qxg2 42. Qxg2 Rxg2 43. a6 bxa6 44. Bxa6 Rg7 45. Rh3 Rg4 46. Rhb3 Rg7 47. Rh3 Rg4 48. Rhb3 Rg7 1/2-1/2

[Event "*** Titled Tuesday Blitz"]
[Site "Chess.com"]
[Date "2020.05.19"]
[Round "9"]
[White "Kapibara_Warri0r"]
[Black "Zmof"]
[Result "0-1"]
[WhiteElo "2074"]
[BlackElo "2237"]
[TimeControl "180+1"]
[EndTime "13:47:21 PDT"]
[Termination "Zmof won on time"]

1. e4 c5 2. Nf3 Nc6 3. d4 cxd4 4. Nxd4 Qb6 5. Nb3 Nf6 6. Nc3 e6 7. Be3 Qc7 8. a3 d6 9. Bd3 a6 10. O-O b5 11. Kh1 Bb7 12. f4 Be7 13. Qe1 O-O 14. Qg3 Kh8 15. Rae1 b4 16. axb4 Nxb4 17. e5 Nd7 18. Be4 Bxe4 19. Nxe4 dxe5 20. Ng5 Nxc2 21.
Rc1 Rac8 22. Na1 exf4 23. Bxf4 e5 24. Bd2 Bxg5 25. Bxg5 f6 26. Rxc2 Qa5 27. Bd2 Qb5 28. Rfc1 Rxc2 29. Nxc2 Qxb2 30. Qc3 Qxc3 31. Bxc3 Rc8 32.
Ne3 Nb6 33. Bd2 Rxc1+ 34. Bxc1 Kg8 35. Kg1 Kf7 36. Kf2 Ke6 37. Ke2 a5 38. Kd3 f5 39.
Kc3 Nd5+ 40. Kb3 Nxe3 41. Bxe3 f4 42. Bf2 e4 43. Ka4 e3 44. Be1 g5 45. Kxa5 Kd5 46.
Kb4 Kd4 47. h4 g4 48. Bc3+ Kd3 49. Kb3 f3 50. gxf3 gxf3 51. Be1 f2 0-1